 Seeded DCSS version 0.29.1-12-g30fa7ad0bf (webtiles) character file.

Game seed: 5754236401282718953 (custom seed)

639 mampy3000 the Chopper (level 7, -10/61 HPs)
             Began as a Minotaur Berserker on Jan 19, 2023.
             Was a Priest of Trog.
             Mangled by an orc warrior
             ... wielding a +0 hand axe
              (12 damage)
             ... on level 5 of the Dungeon.
             The game lasted 00:09:35 (3707 turns).

mampy3000 the Chopper (Minotaur Berserker)          Turns: 3707, Time: 00:09:36

Health: -10/61     AC: 13    Str: 21    XL:     7   Next: 25%
Magic:  6/6        EV:  8    Int:  4    God:    Trog [***...]
Gold:   293        SH:  0    Dex: 12    Spells: 6/6 levels left

rFire   . . .      SeeInvis .   a - +0 hand axe
rCold   . . .      Faith    .   i - orb {light}
rNeg    . . .      Spirit   .   v - +0 chain mail
rPois   +          Reflect  .   (helmet restricted)
rElec   .          Harm     .   r - +0 cloak
rCorr   +          Rampage  .   j - +0 pair of gloves
Will    .....                   m - +0 pair of boots
Stlth   ..........              (no amulet)
HPRegen 0.20/turn               n - ring of resist corrosion
MPRegen 0.10/turn               k - ring of poison resistance

@: glowing
A: horns 2, retaliatory headbutt
a: Renounce Religion, Berserk, Trog's Hand


You were on level 5 of the Dungeon.
You worshipped Trog.
Trog was most pleased with you.
You visited 1 branch of the dungeon, and saw 5 of its levels.

You collected 293 gold pieces.

Inventory:

Hand Weapons
 a - a +0 hand axe (weapon)
Missiles
 h - 5 javelins (quivered)
Armour
 i - an orb of light (worn)
 j - a +0 pair of gloves (worn)
 m - a +0 pair of boots (worn)
 r - a +0 cloak (worn)
 v - a +0 chain mail (worn)
Jewellery
 k - a ring of poison resistance (right hand)
 n - a ring of resist corrosion (left hand)
 u - a ring of ice
Wands
 g - a wand of flame (16)
 q - a wand of digging (7)
Scrolls
 d - a scroll of fog
 t - a scroll of fear
 w - 2 scrolls of identify
Potions
 b - 3 potions of flight {unknown}
 c - 2 potions of might {unknown}
 e - 2 potions of curing {unknown}
 f - 2 potions of attraction
 l - 4 potions of resistance {unknown}
 o - a potion of invisibility {unknown}
 p - 2 potions of haste {unknown}
 s - a potion of berserk rage


   Skills:
 + Level 5.5 Fighting
 + Level 7.3 Axes
 + Level 5.5 Armour
 + Level 2.6 Dodging
 + Level 0.8 Stealth


You had 6 spell levels left.
You didn't know any spells.
Your spell library was empty.

Dungeon Overview and Level Annotations

Branches:
Dungeon (5/15)
 Temple: D:4-7

Altars:
Ashenzari
Hepliaklqana


Innate Abilities, Weirdness & Mutations

You have a pair of horns on your head.
You reflexively headbutt those who attack you in melee.


Message History

The orc warrior hits you with a +0 hand axe!
The orc hits you but does no damage.
The orc warrior hits you but does no damage.
The orc closely misses you. The orc warrior barely misses you.
You furiously retaliate!
You headbutt the orc warrior. The orc hits you but does no damage.
The orc warrior barely misses you. You furiously retaliate!
You headbutt the orc warrior. The orc hits you but does no damage.
The orc warrior hits you with a +0 hand axe!
The orc hits you but does no damage.
The orc warrior hits you with a +0 hand axe!
The orc hits you but does no damage.
The orc warrior hits you but does no damage.
The orc barely misses you. You furiously retaliate!
You headbutt the orc!
You kill the orc!
Trog accepts your kill.
The orc warrior hits you but does no damage.
The orc warrior hits you with a +0 hand axe.
The orc priest mumbles some strange prayers to Beogh against you.
Beogh smites you!
* * * LOW HITPOINT WARNING * * *
The orc warrior hits you but does no damage.
The orc priest hits you but does no damage.
An ufetubus comes into view.
The orc priest hits you but does no damage.
The orc warrior hits you with a +0 hand axe.
* * * LOW HITPOINT WARNING * * *
The ufetubus shouts!
The orc warrior barely misses you. You furiously retaliate!
You headbutt the orc warrior, but do no damage.
The orc priest closely misses you. You furiously retaliate!
You headbutt the orc priest!
The orc priest begins to cast a cantrip, but forgets the words!
The orc warrior hits you with a +0 hand axe.
* * * LOW HITPOINT WARNING * * *
The orc priest hits you but does no damage.
The orc warrior barely misses you. You furiously retaliate!
You headbutt the orc warrior, but do no damage.
The orc warrior hits you with a +0 hand axe!
You die...

##### #...# #...# #
#...#### ## ...
#......#####. #.>.>#####
#...##....###
>....oo@5###...####.....
......##o......###..###.
......######..#......#..
.... ...........#.......
... ####.##...##.....).
.. ...#.....#...)).. .
#............))#..
....#.......#..###. ...
##.....###.....


You could see an orc warrior, an orc priest, an orc and an ufetubus.

Vanquished Creatures
  An orc warrior (D:4)
  A phantom (D:4)
  Blork the orc (D:4)
  A scorpion (D:4)
  A gnoll bouda (D:5)
  A hound (D:5)
  Crazy Yiuf (D:2)
  2 iguanas
  8 gnolls
  4 adders
  An ufetubus (D:4)
  2 worms (D:3)
  2 dart slugs
  7 orcs (D:5)
  10 ball pythons
  3 endoplasms
  4 giant cockroaches
  4 goblins
  4 hobgoblins
  6 quokkas
  2 bats
  9 frilled lizards
  9 kobolds
  5 rats
89 creatures vanquished.

Notes
Turn   | Place    | Note
-------+----------+-------------------------------------------
     0 | D:1      | mampy3000 the Minotaur Berserker began the quest for the
                  | Orb.
     0 | D:1      | Reached XP level 1. HP: 19/19 MP: 0/0
   247 | D:1      | Reached XP level 2. HP: 27/27 MP: 1/1
   321 | D:1      | Reached skill level 4 in Axes
   804 | D:2      | Reached ** piety under Trog
   806 | D:2      | Reached XP level 3. HP: 33/33 MP: 2/2
  1352 | D:2      | Found a runed translucent door.
  1353 | D:2      | Noticed Crazy Yiuf
  1362 | D:2      | Killed Crazy Yiuf
  1363 | D:2      | Reached XP level 4. HP: 41/41 MP: 3/3
  1649 | D:3      | Reached skill level 5 in Axes
  1685 | D:3      | Found a faded altar of an unknown god.
  1854 | D:3      | Found a broken altar of Ashenzari.
  1858 | D:3      | Saw a vision of the Shoals and the Snake Pit.
  1858 | D:3      | Noticed a water elemental
  1858 | D:3      | Noticed a merfolk siren
  1858 | D:3      | Noticed a manticore
  1858 | D:3      | Noticed a merfolk siren
  1858 | D:3      | Noticed a water elemental
  1858 | D:3      | Noticed a naga sharpshooter
  1858 | D:3      | Noticed a sea snake
  1858 | D:3      | Noticed a black mamba
  1858 | D:3      | Noticed a manticore
  1858 | D:3      | Noticed a sea snake
  1858 | D:3      | Noticed a sea snake
  1858 | D:3      | Noticed a naga
  1859 | D:3      | Noticed a merfolk avatar
  1859 | D:3      | Noticed a snapping turtle
  1860 | D:3      | Noticed a harpy
  2103 | D:4      | Noticed Blork the orc
  2119 | D:4      | Killed Blork the orc
  2120 | D:4      | Reached XP level 5. HP: 47/47 MP: 4/4
  2255 | D:4      | Reached skill level 5 in Fighting
  2306 | D:4      | Reached skill level 6 in Axes
  2306 | D:4      | Reached XP level 6. HP: 56/56 MP: 5/5
  2418 | D:4      | Found a hazy altar of Hepliaklqana.
  2419 | D:4      | Noticed an orc warrior
  2435 | D:4      | Killed an orc warrior
  2562 | D:4      | Found a faded altar of an unknown god.
  2640 | D:4      | Reached skill level 5 in Armour
  3114 | D:5      | Entered Level 5 of the Dungeon
  3156 | D:5      | Reached skill level 7 in Axes
  3169 | D:5      | Reached XP level 7. HP: 61/61 MP: 6/6
  3190 | D:5      | Reached *** piety under Trog
  3201 | D:5      | Identified the +9 flail "Hell-Harrower" {speed, Drain rN+
                  | Dex+5}
  3705 | D:5      | HP: 2/61 [orc warrior/+0 hand axe (4)]
  3707 | D:5      | Mangled by an orc warrior

Illustrated notes

Levels and vault maps discovered:
D:1:      dpeg_arrival_solitude, layout_loops_cross
D:2:      layout_loops_ring, uniq_crazy_yiuf_cottage
D:3:      layout_basic, grunt_ashenzari_visionary
          [grunt_ashenzari_visionary_shoals, grunt_ashenzari_visionary_snake],
          hellmonk_ecumenical_altar_arch_garden
D:4:      layout_loops_ring, beargit_hepliaklqana_dungeon_heroes,
          uniq_blork_the_orc
D:5:      nicolae_cairo_tiling_large_dashed, layout_rooms

Skill      XL: |  1  2  3  4  5  6 |
---------------+-------------------+-----
Fighting       | 4 5 |  5.5
Axes           | 4 5 6 7 |  7.3
Armour         | 3 4 5 |  5.5
Dodging        | |  2.6
Stealth        | |  0.8

Action                   |  1- 3 |  4- 6 |  7- 9 || total
-------------------------+-------+-------+-------++-------
Melee: Hand axe          |    59 |   100 |    29 ||   188
       Headbutt          |    14 |    21 |     8 ||    43
Invok: Berserk           |     1 |     2 |       ||     3
  Use: Scroll            |     3 |     6 |       ||     9
Armor: Ring mail         |    12 |       |       ||    12
       Scale mail        |     2 |    19 |       ||    21
       Chain mail        |       |    21 |    36 ||    57
Dodge: Dodged            |    23 |    41 |    29 ||    93
